TOP OF THE 1ST |
Irvine Gang Green batting - Pitching for Toronto Titans : RHP Daniel Grant
|
Pitching: RHP Daniel Grant
|
|
Batting: LHB Jesús Campos
|
0-0: Ball 1-0: Called Strike 1-1: Fly out, F7 (Flyball, 7LMF)
|
Batting: LHB Bryce Hopkins
|
0-0: Ball 1-0: Ball 2-0: Ball 3-0: Base on Balls
|
Batting: RHB José García
|
0-0: Ball Passed Ball! Bryce Hopkins to second 1-0: Foul Ball, location: 2F 1-1: SINGLE (Groundball, 4M) Bryce Hopkins to third Runner from 3rd tries for Home, SAFE, no throw or cutoff
|
Batting: LHB Leonardo Medina
|
0-0: Called Strike 0-1: Called Strike 0-2: Strikes out swinging
|
Batting: RHB Oliver Hernández
|
0-0: Called Strike 0-1: Swinging Strike 0-2: Ball 1-2: Ball 2-2: Ball José García steals 2nd base 3-2: Base on Balls
|
Batting: LHB Bill Murphy
|
0-0: Called Strike 0-1: Foul Ball, location: 2F 0-2: Fly out, F8 (Flyball, 8RM)
|
Top of the 1st over - 1 run(s), 1 hit(s), 0 error(s), 2 left on base; Irvine 1 - Toronto 0 |
BOTTOM OF THE 1ST |
Toronto Titans batting - Pitching for Irvine Gang Green : LHP Masutaro Koyama
|
Pitching: LHP Masutaro Koyama
|
|
Batting: SHB Ryobe Yamamoto
|
0-0: Swinging Strike 0-1: Ground out 5-3 (Groundball, 5L)
|
Batting: RHB Gilberto López
|
0-0: Ball 1-0: TRIPLE (Flyball, 78XD)
|
Batting: LHB Jorge Martínez
|
0-0: Ball 1-0: Ball 2-0: Ball 3-0: Called Strike 3-1: Base on Balls
|
Batting: LHB José Rodríguez
|
0-0: Called Strike 0-1: Foul Ball, location: 2F 0-2: Ball 1-2: Strikes out swinging
|
Batting: RHB David Murray
|
0-0: Fly out, F8 (Flyball, 8LS)
|
Bottom of the 1st over - 0 run(s), 1 hit(s), 0 error(s), 2 left on base; Irvine 1 - Toronto 0 |
TOP OF THE 2ND |
Irvine Gang Green batting - Pitching for Toronto Titans : RHP Daniel Grant
|
Batting: LHB Tom Baker
|
0-0: Called Strike 0-1: Ball 1-1: Foul Ball, location: 2F 1-2: Ball 2-2: Strikes out looking
|
Batting: RHB José Salazar
|
0-0: Ball 1-0: Ball 2-0: Called Strike 2-1: Fly out, F6 (Popup, 5D)
|
Batting: RHB Earl Wiggins
|
0-0: Ball 1-0: Swinging Strike 1-1: Called Strike 1-2: Ground out 6-3 (Groundball, 6)
|
Top of the 2nd over - 0 run(s), 0 hit(s), 0 error(s), 0 left on base; Irvine 1 - Toronto 0 |
BOTTOM OF THE 2ND |
Toronto Titans batting - Pitching for Irvine Gang Green : LHP Masutaro Koyama
|
Batting: RHB Matt Doyle
|
0-0: Ball 1-0: Ball 2-0: Ball 3-0: Base on Balls
|
Batting: RHB Manuel González
|
0-0: Swinging Strike 0-1: Grounds into double play, 6-4-3 (Groundball, 6)
|
Batting: LHB Anacleto Morillo
|
0-0: Foul Ball, location: 2F 0-1: Ball 1-1: Swinging Strike 1-2: Strikes out swinging
|
Bottom of the 2nd over - 0 run(s), 0 hit(s), 0 error(s), 0 left on base; Irvine 1 - Toronto 0 |
TOP OF THE 3RD |
Irvine Gang Green batting - Pitching for Toronto Titans : RHP Daniel Grant
|
Batting: LHB Jesús Campos
|
0-0: Ball 1-0: Foul Ball, location: 2F 1-1: Called Strike 1-2: Foul Ball, location: 2F 1-2: Ball 2-2: Strikes out looking
|
Batting: LHB Bryce Hopkins
|
0-0: Swinging Strike 0-1: Ball 1-1: Ball 2-1: Called Strike 2-2: Foul Ball, location: 2F 2-2: Ball 3-2: Base on Balls
|
Batting: RHB José García
|
0-0: Ball 1-0: Ball 2-0: Fly out, F3 (Line Drive, 3S) 2-0: Lined into DP, U3 (Line Drive, 3S)
|
Top of the 3rd over - 0 run(s), 0 hit(s), 0 error(s), 0 left on base; Irvine 1 - Toronto 0 |
BOTTOM OF THE 3RD |
Toronto Titans batting - Pitching for Irvine Gang Green : LHP Masutaro Koyama
|
Batting: LHB Kent MacDulothe
|
0-0: Ball 1-0: Fly out, F8 (Flyball, 8RD)
|
Batting: SHB Ryobe Yamamoto
|
0-0: Ball 1-0: Ball 2-0: Ball 3-0: Base on Balls
|
Batting: RHB Gilberto López
|
0-0: Called Strike 0-1: Ball 1-1: Ball 2-1: Swinging Strike 2-2: Foul Ball, location: 2F 2-2: Strikes out looking
|
Batting: LHB Jorge Martínez
|
0-0: Called Strike 0-1: Called Strike 0-2: Ball 1-2: Strikes out swinging
|
Bottom of the 3rd over - 0 run(s), 0 hit(s), 0 error(s), 1 left on base; Irvine 1 - Toronto 0 |
TOP OF THE 4TH |
Irvine Gang Green batting - Pitching for Toronto Titans : RHP Daniel Grant
|
Batting: LHB Leonardo Medina
|
0-0: Called Strike 0-1: Ball 1-1: Foul Ball, location: 2F 1-2: Strikes out looking
|
Batting: RHB Oliver Hernández
|
0-0: Called Strike 0-1: Foul Ball, location: 2F 0-2: Ball 1-2: Fly out, F8 (Flyball, 8RM)
|
Batting: LHB Bill Murphy
|
0-0: Ball 1-0: Called Strike 1-1: Ball 2-1: Swinging Strike 2-2: Foul Ball, location: 2F 2-2: Ball 3-2: Ground out 4-3 (Groundball, 4)
|
Top of the 4th over - 0 run(s), 0 hit(s), 0 error(s), 0 left on base; Irvine 1 - Toronto 0 |
BOTTOM OF THE 4TH |
Toronto Titans batting - Pitching for Irvine Gang Green : LHP Masutaro Koyama
|
Batting: LHB José Rodríguez
|
0-0: Ball 1-0: Called Strike 1-1: Swinging Strike 1-2: Strikes out swinging
|
Batting: RHB David Murray
|
0-0: Called Strike 0-1: Ball 1-1: Called Strike 1-2: Foul Ball, location: 2F 1-2: Foul Ball, location: 2F 1-2: Ground out 6-3 (Groundball, 6)
|
Batting: RHB Matt Doyle
|
0-0: Ball 1-0: Swinging Strike 1-1: Ground out 6-3 (Groundball, 6)
|
Bottom of the 4th over - 0 run(s), 0 hit(s), 0 error(s), 0 left on base; Irvine 1 - Toronto 0 |
TOP OF THE 5TH |
Irvine Gang Green batting - Pitching for Toronto Titans : RHP Daniel Grant
|
Pitching: RHP Pablo Cabral
|
|
Batting: LHB Tom Baker
|
0-0: Called Strike 0-1: Fly out, F7 (Flyball, 78M)
|
Batting: RHB José Salazar
|
0-0: Ball 1-0: Called Strike 1-1: Ball 2-1: Called Strike 2-2: Foul Ball, location: 2F 2-2: Ball 3-2: Base on Balls
|
Batting: RHB Earl Wiggins
|
0-0: Ball 1-0: Fly out, F7 (Flyball, 78M)
|
Batting: LHB Jesús Campos
|
0-0: Ball 1-0: Ball 2-0: Foul Ball, location: 2F 2-1: Foul Ball, location: 2F 2-2: Ball 3-2: Foul Ball, location: 2F 3-2: Base on Balls José Salazar to second
|
Batting: LHB Bryce Hopkins
|
0-0: Ball 1-0: Called Strike 1-1: Ball 2-1: Ball 3-1: Called Strike 3-2: Foul Ball, location: 2F 3-2: Base on Balls José Salazar to third Jesús Campos to second
|
Pitching: LHP Roberto Vázquez
|
|
Batting: RHB José García
|
0-0: Foul Ball, location: 2F 0-1: Ball 1-1: Foul Ball, location: 2F 1-2: Ball 2-2: Foul Ball, location: 2F 2-2: Ball 3-2: Foul Ball, location: 2F 3-2: Strikes out swinging
|
Top of the 5th over - 0 run(s), 0 hit(s), 0 error(s), 3 left on base; Irvine 1 - Toronto 0 |
BOTTOM OF THE 5TH |
Toronto Titans batting - Pitching for Irvine Gang Green : LHP Masutaro Koyama
|
Batting: RHB Manuel González
|
0-0: Ball 1-0: Ball 2-0: Foul Ball, location: 2F 2-1: Ground out 6-3 (Groundball, 6)
|
Batting: LHB Anacleto Morillo
|
0-0: Ball 1-0: Ball 2-0: Foul Ball, location: 2F 2-1: Ground out 4-3 (Groundball, 4)
|
Batting: LHB Kent MacDulothe
|
0-0: Foul Ball, location: 2F 0-1: Swinging Strike 0-2: Ball 1-2: Ground out 4-3 (Groundball, 4M)
|
Bottom of the 5th over - 0 run(s), 0 hit(s), 0 error(s), 0 left on base; Irvine 1 - Toronto 0 |
TOP OF THE 6TH |
Irvine Gang Green batting - Pitching for Toronto Titans : LHP Roberto Vázquez
|
Batting: LHB Leonardo Medina
|
0-0: Ball 1-0: Ball 2-0: Ball 3-0: Base on Balls
|
Batting: RHB Oliver Hernández
|
0-0: Ball 1-0: Swinging Strike 1-1: Ball 2-1: Called Strike 2-2: DOUBLE (Flyball, 78M) Leonardo Medina to third
|
Batting: LHB Bill Murphy
|
0-0: Ball 1-0: Ball 2-0: Called Strike 2-1: SINGLE (Line Drive, 34D) Leonardo Medina scores Oliver Hernández to third
|
Pitching: RHP Roland Harrison
|
|
Batting: LHB Tom Baker
|
0-0: Ball 1-0: Grounds into double play, 1-6-3 (Groundball, 15)
|
Batting: RHB José Salazar
|
0-0: TRIPLE (Line Drive, 78M) Oliver Hernández scores
|
Batting: RHB Earl Wiggins
|
0-0: Fly out, F6 (Popup, 56)
|
Top of the 6th over - 2 run(s), 3 hit(s), 0 error(s), 1 left on base; Irvine 3 - Toronto 0 |
BOTTOM OF THE 6TH |
Toronto Titans batting - Pitching for Irvine Gang Green : LHP Masutaro Koyama
|
Batting: SHB Ryobe Yamamoto
|
0-0: Foul Ball, location: 2F 0-1: Ball 1-1: Ball 2-1: Called Strike 2-2: Ball 3-2: Fly out, F8 (Flyball, 8RXD)
|
Batting: RHB Gilberto López
|
0-0: Ball 1-0: Ball 2-0: Foul Ball, location: 2F 2-1: Swinging Strike 2-2: Ground out 4-3 (Groundball, 4)
|
Batting: LHB Jorge Martínez
|
0-0: Foul Ball, location: 2F 0-1: Foul Ball, location: 2F 0-2: Ball 1-2: Strikes out swinging
|
Bottom of the 6th over - 0 run(s), 0 hit(s), 0 error(s), 0 left on base; Irvine 3 - Toronto 0 |
TOP OF THE 7TH |
Irvine Gang Green batting - Pitching for Toronto Titans : RHP Roland Harrison
|
Batting: LHB Jesús Campos
|
0-0: Ball 1-0: Called Strike 1-1: Called Strike 1-2: Strikes out swinging
|
Batting: LHB Bryce Hopkins
|
0-0: Ball 1-0: Ball 2-0: Swinging Strike 2-1: Foul Ball, location: 2F 2-2: Ball 3-2: Foul Ball, location: 2F 3-2: Base on Balls
|
Batting: RHB José García
|
0-0: Ball 1-0: Ball 2-0: SINGLE (Groundball, 6MD) Bryce Hopkins to second
|
Batting: LHB Leonardo Medina
|
0-0: Ball 1-0: Called Strike 1-1: Ball 2-1: Ball 3-1: Foul Ball, location: 2F 3-2: Base on Balls Bryce Hopkins to third José García to second
|
Pitching: LHP Braydon Schute
|
|
Batting: RHB Oliver Hernández
|
0-0: Called Strike 0-1: Ball 1-1: Foul Ball, location: 2F 1-2: Ball 2-2: Ball 3-2: Foul Ball, location: 2F 3-2: Strikes out swinging
|
Pinch Hitting: RHB Pepe González
|
0-0: Called Strike 0-1: Fielders Choice at 2nd, 6-4 (Groundball, 6)
|
Top of the 7th over - 0 run(s), 1 hit(s), 0 error(s), 2 left on base; Irvine 3 - Toronto 0 |
BOTTOM OF THE 7TH |
Toronto Titans batting - Pitching for Irvine Gang Green : LHP Masutaro Koyama
|
Now at 2B: Pepe González
|
|
Batting: LHB José Rodríguez
|
0-0: Called Strike 0-1: Ball 1-1: Foul Ball, location: 2F 1-2: Strikes out swinging
|
Batting: RHB David Murray
|
0-0: Ball 1-0: SOLO HOME RUN (Flyball, 89XD), Distance : 380 ft
|
Batting: RHB Matt Doyle
|
0-0: Ball 1-0: Foul Ball, location: 2F 1-1: Ball 2-1: Ground out 5-3 (Groundball, 56)
|
Batting: RHB Manuel González
|
0-0: Foul Ball, location: 2F 0-1: Fly out, F8 (Flyball, 8RS)
|
Bottom of the 7th over - 1 run(s), 1 hit(s), 0 error(s), 0 left on base; Irvine 3 - Toronto 1 |
TOP OF THE 8TH |
Irvine Gang Green batting - Pitching for Toronto Titans : LHP Braydon Schute
|
Batting: LHB Tom Baker
|
0-0: Ball 1-0: Called Strike 1-1: Called Strike 1-2: Ball 2-2: Strikes out swinging
|
Batting: RHB José Salazar
|
0-0: Ball 1-0: Foul Ball, location: 2F 1-1: Foul Ball, location: 2F 1-2: Foul Ball, location: 2F 1-2: Ground out 1-3 (Groundball, 15)
|
Batting: RHB Earl Wiggins
|
0-0: Foul Ball, location: 2F 0-1: Called Strike 0-2: Foul Ball, location: 2F 0-2: Strikes out swinging
|
Top of the 8th over - 0 run(s), 0 hit(s), 0 error(s), 0 left on base; Irvine 3 - Toronto 1 |
BOTTOM OF THE 8TH |
Toronto Titans batting - Pitching for Irvine Gang Green : LHP Masutaro Koyama
|
Batting: LHB Anacleto Morillo
|
0-0: Swinging Strike 0-1: Ball 1-1: Ball 2-1: Reached on error, E4 (Groundball, 4)
|
Batting: LHB Kent MacDulothe
|
0-0: Ball 1-0: Fielders Choice at 2nd, U6 (Groundball, 6M)
|
Batting: SHB Ryobe Yamamoto
|
0-0: Ball 1-0: Foul Ball, location: 2F 1-1: Foul Ball, location: 2F 1-2: Strikes out swinging
|
Batting: RHB Gilberto López
|
0-0: Ball 1-0: Swinging Strike 1-1: Ball 2-1: DOUBLE (Line Drive, 7LM) Kent MacDulothe to third Runner from 3rd tries for Home, throw and OUT!
|
Bottom of the 8th over - 0 run(s), 1 hit(s), 1 error(s), 1 left on base; Irvine 3 - Toronto 1 |
TOP OF THE 9TH |
Irvine Gang Green batting - Pitching for Toronto Titans : LHP Braydon Schute
|
Pitching: RHP David Lester
|
|
Batting: LHB Jesús Campos
|
0-0: Ball 1-0: Ball 2-0: Foul Ball, location: 2F 2-1: Ball 3-1: Base on Balls
|
Batting: LHB Bryce Hopkins
|
0-0: Ball 1-0: Sac Bunt - play at first, batter OUT! 5-4 Jesús Campos to second
|
Batting: RHB José García
|
0-0: Called Strike Jesús Campos steals 3rd base 0-1: Swinging Strike 0-2: Ball 1-2: Strikes out swinging
|
Batting: LHB Leonardo Medina
|
0-0: Called Strike 0-1: Ball 1-1: Ball 2-1: Ball 3-1: Foul Ball, location: 2F 3-2: Ground out U3 (Groundball, 3L)
|
Top of the 9th over - 0 run(s), 0 hit(s), 0 error(s), 1 left on base; Irvine 3 - Toronto 1 |
BOTTOM OF THE 9TH |
Toronto Titans batting - Pitching for Irvine Gang Green : LHP Masutaro Koyama
|
Pitching: RHP Kuang-yin Yue
|
|
Batting: LHB Jorge Martínez
|
0-0: Called Strike 0-1: Foul Ball, location: 2F 0-2: Foul Ball, location: 2F 0-2: Ball 1-2: Foul Ball, location: 2F 1-2: Foul Ball, location: 2F 1-2: Ball 2-2: SINGLE (Line Drive, 6M)
|
Batting: LHB José Rodríguez
|
0-0: Called Strike 0-1: Ball Wild Pitch! Jorge Martínez to second 1-1: Ball 2-1: Ball 3-1: Base on Balls
|
Batting: RHB David Murray
|
0-0: Foul Ball, location: 2F 0-1: Ball 1-1: Fly out, F3 (Popup, 3SF)
|
Batting: RHB Matt Doyle
|
0-0: Ball 1-0: Ball 2-0: Ball 3-0: Called Strike 3-1: Grounds into double play, 6-4-3 (Groundball, 56)
|
Bottom of the 9th over - 0 run(s), 1 hit(s), 0 error(s), 1 left on base; Irvine 3 - Toronto 1 |
|